 Dungeon Crawl Stone Soup version 0.31-a0-799-g6bc09d010c (webtiles) character file.

Game seed: 7073155794078529001

4 Bravepunisher the Ducker (level 1, -1/11 HPs)
             Began as a Spriggan Monk on Sept 19, 2023.
             Frozen to death by an endoplasm (3 damage)
             ... on level 2 of the Dungeon.
             The game lasted 00:00:17 (90 turns).

Bravepunisher the Ducker (Spriggan Monk)              Turns: 90, Time: 00:00:18

Health: -1/11      AC:  2    Str:  7    XL:     1   Next: 50%
Magic:  2/2        EV: 18    Int: 11    God:
Gold:   0          SH:  0    Dex: 17    Spells: 0/0 levels left

rFire   . . .        a - +0 short sword
rCold   . . .        d - orb {light}
rNeg    . . .        b - +0 robe
rPois   .            (helmet restricted)
rElec   .            (no cloak)
rCorr   .            (gloves unavailable)
SInv    +            (boots unavailable)
Will    .....        (no amulet)
Stlth   +            (no ring)
HPRegen 0.21/turn    (no ring)
MPRegen 0.08/turn

%: no passive effects
@: glowing, very quick
A: very small, no large weapons, unfitting armour, see invisible, speed 3
a: no special abilities


You were on level 2 of the Dungeon.
You visited 1 branch of the dungeon, and saw 2 of its levels.

Inventory:

Hand Weapons
 a - a +0 short sword (weapon)
Armour
 b - a +0 robe (worn)
 d - an orb of light (worn)
Scrolls
 e - a scroll of amnesia {unknown}
 f - a scroll of identify {unknown}
Potions
 c - a potion of ambrosia


   Skills:
 * Level 2.6 Fighting
 - Level 3.2 Short Blades
 + Level 4.1 Dodging


You couldn't memorise any spells.
You didn't know any spells.
Your spell library was empty.

Dungeon Overview and Level Annotations

Branches:
Dungeon (2/15)

Altars:


Innate Abilities, Weirdness & Mutations

You are very small and have problems with some larger weapons.
You are too small for most types of armour.
You have supernaturally acute eyesight. (SInv)
You cover ground extremely quickly. (Speed+++)


Message History

You hit the bat.
The bat is severely wounded.
The bat completely misses you. The bat misses you.
You hit the bat.
You kill the bat!
An endoplasm and 2 jackals come into view.
Found a There-And-Back Book.
Found two stone staircases leading down.
The endoplasm quivers.
The jackal barks!
You hear a shout!
Found a scroll labelled UQUS QIRALACU.
You hit the endoplasm but do no damage.
A goblin comes into view. It is wielding a +0 dagger.
The endoplasm barely misses you. The jackal bites you.
The endoplasm misses you.
An endoplasm comes into view.
The endoplasm quivers.
The jackal attacks as it pursues you! The jackal closely misses you. x2
The endoplasm attacks as it pursues you!
The endoplasm barely misses you.
There is a stone staircase leading down here.
The jackal misses you. The jackal completely misses you.
The endoplasm freezes you.
You are frozen.
You climb downwards.
There is a stone staircase leading up here.
You hit the endoplasm.
The endoplasm is severely wounded.
The jackal bites you.
The endoplasm hits you but does no damage.
The jackal barely misses you.
You hit the endoplasm but do no damage.
The endoplasm is severely wounded.
The jackal bites you.
* * * LOW HITPOINT WARNING * * *
You hit the endoplasm but do no damage.
The endoplasm is severely wounded.
The endoplasm freezes you.
You are frozen.
You die... ########.## #hh@J.....# #.######..# #

You could see an endoplasm and 2 jackals.

Vanquished Creatures
  A dart slug (D:1)
  A bat (D:1)
  A frilled lizard (D:1)
3 creatures vanquished.

Notes
Turn   | Place    | Note
-------+----------+-------------------------------------------
     0 | D:1      | Bravepunisher the Spriggan Monk began the quest for the
                  | Orb.
     0 | D:1      | Reached XP level 1. HP: 11/11 MP: 2/2
    90 | D:2      | Frozen to death by an endoplasm

Illustrated notes

Levels and vault maps discovered:
D:1:      shiori_shiawase, layout_rooms, nicolae_eternal_life
D:2:      layout_loops_ring, grunt_ministairs_13, minmay_misc_feat_columns,
          minmay_diced_spiral

Action                     || total
---------------------------++-------
  Melee: Short sword       ||    13
 Armour: Robe              ||     6
  Dodge: Dodged            ||    16

Table legend: (Time is in decaauts)
 A = Elapsed time spent in this place.
 B = Non-inter-level travel time spent in this place.
 C = Inter-level travel time spent in this place.
 D = Time resting spent in this place.
 E = Time spent auto-exploring this place.
 F = Levels seen in this place.
 G = Mean time per level.
                   A        B        C        D        E       F      G
               +--------+--------+--------+--------+--------+-----+--------+
         Total |     65 |     65 |      0 |      0 |     40 |   2 |   32.5 |
       Dungeon |     65 |     65 |      0 |      0 |     40 |   2 |   32.5 |
               +--------+--------+--------+--------+--------+-----+--------+

Top non-repeatable levels by time:
     D:1: 62 daAuts
     D:2: 2 daAuts
